 Dungeon Sprint DCSS version 0.29-a0-542-g075992c915 (webtiles) character file.

Game seed: 8249561838317061371

1074 mhtbhm the Basher (level 8, -1/88 HPs)
             Began as a Troll Berserker on June 4, 2022.
             Was a High Priest of Trog.
             Slain by an eight-headed hydra (7 damage)
             ... in the Dungeon (Sprint IX: "|||||||||||||||||||||||||||||").
             The game lasted 00:01:36 (703 turns).

mhtbhm the Basher (Troll Berserker)                  Turns: 703, Time: 00:01:36

Health: -1/88      AC:  4    Str: 31    XL:     8   Next: 7%
Magic:  7/7        EV: 12    Int:  6    God:    Trog [*****.]
Gold:   0          SH:  0    Dex:  9    Spells: 7/7 levels left

rFire   . . .      SeeInvis .   a - +2 morningstar (protect)
rCold   . . .      Faith    .   (no shield)
rNeg    . . .      Spirit   .   b - +0 animal skin
rPois   .          Reflect  .   (helmet restricted)
rElec   .          Harm     .   (no cloak)
rCorr   .          Rampage  .   (gloves unavailable)
Will    .....      NoTele   +   (boots unavailable)
Stlth   +.........              (no amulet)
HPRegen 1.04/turn               j - +3 ring of strength
MPRegen 0.10/turn               k - +3 ring of intelligence

@: on berserk cooldown
A: large, unfitting armour, claws 3, regeneration 1, shaggy fur 1, tough skin 1
a: Renounce Religion, Berserk, Trog's Hand, Brothers in Arms


You were in the Dungeon.
You worshipped Trog.
Trog was extremely pleased with you.
You visited 1 branch

Inventory:

Hand Weapons
 a - a +2 morningstar of protection (weapon)
Missiles
 l - 6 poisoned darts (quivered)
Armour
 b - a +0 animal skin (worn)
Jewellery
 j - a +3 ring of strength (left claw)
 k - a +3 ring of intelligence (right claw)
Wands
 i - a wand of acid (4)
Scrolls
 h - 2 scrolls of blinking
Potions
 c - a potion of invisibility
 d - 2 potions of heal wounds
 e - 3 potions of curing
 f - 4 potions of magic
 g - a potion of berserk rage


   Skills:
 + Level 7.7 Fighting
 + Level 11.5 Maces & Flails
 + Level 8.3 Dodging
 + Level 0.6 Stealth
 + Level 1.2 Evocations


You had 7 spell levels left.
You didn't know any spells.
Your spell library was empty.

Dungeon Overview and Level Annotations

Branches:
Dungeon (1/1)

Altars:
Cheibriados
Dithmenos
Elyvilon
Fedhas
Gozag
Hepliaklqana
Kikubaaqudgha
Makhleb
Nemelex Xobeh
Okawaru
Qazlal
Ru
Sif Muna
Trog
Uskayaw
Vehumet
Wu Jian
Xom
Yredelemnul
Zin
The Shining One
Beogh
Jiyva
Lugonu


Innate Abilities, Weirdness & Mutations

You are too large for most types of armour.
You have claws for hands.
Your natural rate of healing is unusually fast.
You are covered in fur. (AC +1)
You have tough skin. (AC +1)


Message History

Unknown command.
Aiming: Corrosive Bolt
Press: ? - help, Shift-Dir - straight line The slime creature quivers.
The eight-headed hydra bites you.
The eight-headed hydra bites you but does no damage.
The eight-headed hydra closely misses you.
The eight-headed hydra bites you. x2; The eight-headed hydra bites you!
The eight-headed hydra bites you. The eight-headed hydra bites you!
Unknown command.
Unknown command.
Aiming: Corrosive Bolt
Press: ? - help, Shift-Dir - straight line, f - eight-headed hydra
Aim: an eight-headed hydra (90% to hit)
The bolt of acid hits the eight-headed hydra!
The acid corrodes the eight-headed hydra!
The eight-headed hydra is lightly wounded.
The bolt of acid hits the orc wizard.
The acid corrodes the orc wizard!
The orc wizard is heavily wounded.
The bolt of acid hits the efreet.
The acid corrodes the efreet!
The efreet is lightly wounded.
The bolt of acid hits the troll!
The acid corrodes the troll!
The troll is moderately wounded.
The bolt of acid hits the slime creature!
The slime creature is lightly wounded.
You feel yourself speed up.
The eight-headed hydra bites you but does no damage.
The eight-headed hydra barely misses you. x2
The eight-headed hydra bites you. The eight-headed hydra bites you!
The eight-headed hydra bites you.
The eight-headed hydra closely misses you.
The eight-headed hydra bites you! The eight-headed hydra bites you.
* * * LOW HITPOINT WARNING * * *
The eight-headed hydra bites you!
* * * LOW HITPOINT WARNING * * *
The eight-headed hydra bites you!
* * * LOW HITPOINT WARNING * * *
The eight-headed hydra completely misses you.
The eight-headed hydra bites you!
You die...

▓.▓
▓'▓
▓)▓
▓)▓
▓.▓
▓.▓
▓.▓
▓)▓
▓@▓
▓D▓
▓o▓
▓R▓
▓T▓
▓J▓
▓.▓
▓+▓


You could see an eight-headed hydra (corroded), a slime creature, a troll
(corroded), an efreet (corroded) and an orc wizard (corroded).

Vanquished Creatures
  A gargoyle (D)
  A hornet (D)
  A yak (D)
  2 acid dragons (D)
  A centaur (D)
  A kobold brigand (D)
  A hound (D)
  An iguana (D)
  A gnoll (D)
  An adder (D)
  An orc (D)
  A bat (D)
  An endoplasm (D)
  2 hobgoblins (D)
  A rat (D)
17 creatures vanquished.

Notes
Turn   | Place    | Note
-------+----------+-------------------------------------------
     0 | D        | mhtbhm the Troll Berserker began the quest for the Orb.
     0 | D        | Reached XP level 1. HP: 22/22 MP: 0/0
     7 | D        | Reached skill level 3 in Maces & Flails
     7 | D        | Reached ** piety under Trog
    23 | D        | Noticed a hound
    23 | D        | Noticed an iguana
    27 | D        | Killed a hound
    28 | D        | Reached skill level 4 in Maces & Flails
    28 | D        | Reached XP level 2. HP: 32/32 MP: 1/1
    28 | D        | Reached XP level 3. HP: 39/39 MP: 2/2
    29 | D        | Reached *** piety under Trog
    50 | D        | Reached skill level 5 in Maces & Flails
    50 | D        | Reached XP level 4. HP: 12/48 MP: 3/3
    76 | D        | Found a snail-covered altar of Cheibriados.
    76 | D        | Found a shadowy altar of Dithmenos.
    76 | D        | Found a white marble altar of Elyvilon.
    76 | D        | Found a blossoming altar of Fedhas.
    76 | D        | Found an opulent altar of Gozag.
    77 | D        | Found a hazy altar of Hepliaklqana.
    78 | D        | Found a viscous altar of Jiyva.
    79 | D        | Found an ancient bone altar of Kikubaaqudgha.
    80 | D        | Found a corrupted altar of Lugonu.
    81 | D        | Found a burning altar of Makhleb.
    82 | D        | Found a sparkling altar of Nemelex Xobeh.
    83 | D        | Found an iron altar of Okawaru.
    84 | D        | Found a stormy altar of Qazlal.
    85 | D        | Found a sacrificial altar of Ru.
    86 | D        | Found a shimmering blue altar of Sif Muna.
   163 | D        | Found a bloodstained altar of Trog.
   164 | D        | Found a hide-covered altar of Uskayaw.
   165 | D        | Found a radiant altar of Vehumet.
   166 | D        | Found an ornate altar of the Wu Jian Council.
   167 | D        | Found a shimmering altar of Xom.
   168 | D        | Found a basalt altar of Yredelemnul.
   169 | D        | Found a glowing silver altar of Zin.
   170 | D        | Found a glowing golden altar of the Shining One.
   201 | D        | Noticed a yak
   201 | D        | Noticed a centaur
   201 | D        | Noticed a kobold brigand
   201 | D        | Noticed a hornet
   201 | D        | Noticed an acid dragon
   201 | D        | Noticed an acid dragon
   208 | D        | Killed a yak
   208 | D        | Reached **** piety under Trog
   209 | D        | Reached skill level 5 in Fighting
   209 | D        | Reached skill level 7 in Maces & Flails
   209 | D        | Reached XP level 5. HP: 57/57 MP: 4/4
   211 | D        | Killed a centaur
   212 | D        | Reached skill level 8 in Maces & Flails
   212 | D        | Reached XP level 6. HP: 67/67 MP: 5/5
   218 | D        | Reached skill level 9 in Maces & Flails
   222 | D        | Paralysed by a hornet for 1 turns
   224 | D        | Killed a hornet
   225 | D        | Reached skill level 10 in Maces & Flails
   225 | D        | Reached XP level 7. HP: 31/76 MP: 6/6
   225 | D        | Reached ***** piety under Trog
   618 | D        | Reached skill level 1 in Evocations
   661 | D        | Noticed a gargoyle
   661 | D        | Noticed an efreet
   661 | D        | Noticed an eight-headed hydra
   661 | D        | Noticed a troll
   661 | D        | Noticed a slime creature
   668 | D        | Killed a gargoyle
   669 | D        | Reached skill level 11 in Maces & Flails
   669 | D        | Reached XP level 8. HP: 88/88 MP: 7/7
   703 | D        | Slain by an eight-headed hydra

Illustrated notes

Levels and vault maps discovered:
D:        linesprint [early_d, line_temple, items_1, d_10, items_2, lair_1,
          lair_end, items_3, orc_1, orc_end, items_4, d_15, swamp_1, shoals_1,
          snake_1, spider_1, d_20, vaults_1, items_5, swamp_end, shoals_end,
          snake_end, spider_end, vaults_end, d_27, items_6, zot_1, zot_end,
          crypt_end, forest_end, elf_end, slime_end, tomb_end, abyss_end,
          pan_hell_end]

Skill      XL: |  1  2  3  4  5  6  7 |
---------------+----------------------+-----
Maces & Flails | 4 5 7 8 10 11 | 11.5
Fighting       | 3 4 5 6 7 |  7.7
Dodging        | 3 4 6 7 8 |  8.3
Evocations     | 1 |  1.2
Stealth        | |  0.6

Action                   |  1- 3 |  4- 6 |  7- 9 || total
-------------------------+-------+-------+-------++-------
Melee: Mace              |    27 |     5 |       ||    32
       Morningstar       |       |    14 |    15 ||    29
Invok: Berserk           |     1 |     1 |     2 ||     4
Evoke: Wand              |       |     4 |     2 ||     6
  Use: Potion            |     2 |     2 |       ||     4
Armor: Animal skin       |     9 |     3 |     5 ||    17
Dodge: Dodged            |    19 |    20 |    11 ||    50

Table legend: (Time is in decaauts)
 A = Elapsed time spent in this place.
 B = Non-inter-level travel time spent in this place.
 C = Inter-level travel time spent in this place.
 D = Time resting spent in this place.
 E = Time spent auto-exploring this place.
 F = Levels seen in this place.
 G = Mean time per level.
                   A        B        C        D        E       F      G
               +--------+--------+--------+--------+--------+-----+--------+
         Total |    733 |    733 |      0 |    546 |      0 |   1 |  733.0 |
       Dungeon |    733 |    733 |      0 |    546 |      0 |   1 |  733.0 |
               +--------+--------+--------+--------+--------+-----+--------+

Top non-repeatable levels by time:
       D: 733 daAuts
